 Dungeon Crawl Stone Soup version 0.19-a0-1803-g97ff39f (webtiles) character file.

50778 Proteus the Unseen (level 14, -11/75 HPs)
             Began as a Spriggan Assassin on Oct 5, 2016.
             Was the Champion of Okawaru.
             Mangled by an ice devil (23 damage)
             ... on level 6 of the Lair of Beasts.
             The game lasted 01:50:11 (37128 turns).

Proteus the Unseen (Spriggan Assassin)             Turns: 37128, Time: 01:50:11

Health: -11/75     AC:  7    Str: 13    XL:     14   Next: 21%
Magic:  16/18      EV: 38    Int: 13    God:    Okawaru [******]
Gold:   1020       SH:  3    Dex: 23    Spells: 4 memorised, 6 levels left

rFire  + + .     SeeInvis +     a - +4 short sword
rCold  . . .     Gourm    .     m - +2 robe {MR+}
rNeg   + . .     Faith    .     (shield restricted)
rPois  +         Spirit   .     x - +0 hat "Gojuof" {rPois Str+2 Dex-4}
rElec  .         Dismiss  .     D - +2 cloak {MR+}
rCorr  .         Reflect  +     (gloves unavailable)
MR     ++++.     Harm     .     (boots unavailable)
Stlth  +++++++++.               o - +3 amulet of reflection
                                J - ring of Yzugguxt {rF++ rN+ Str+4 Slay+2 SInv}
                                j - ring of stealth

@: agile, very slightly contaminated, hasted, very quick
A: unfitting armour, see invisible, herbivore 3, speed 3, slow metabolism 2
a: Heroism, Finesse, Renounce Religion


You were on level 6 of the Lair of Beasts.
You worshipped Okawaru.
Okawaru was exalted by your worship.
You were not hungry.

You visited 3 branches of the dungeon, and saw 18 of its levels.
You also visited: Labyrinth and Sewer.

You collected 1109 gold pieces.
You spent 89 gold pieces at shops.

Inventory:

Hand Weapons
 a - a +4 short sword (weapon)
 b - a +7 blowgun
Missiles
 v - 8 poisoned needles
 S - a curare-tipped needle
 X - a tomahawk of returning (quivered)
 Z - a needle of confusion
Armour
 m - a +2 robe of magic resistance (worn)
 x - the +0 hat "Gojuof" (worn) {rPois Str+2 Dex-4}
   (Okawaru gifted it to you on level 2 of the Lair of Beasts)

   It affects your strength (+2).
   It affects your dexterity (-4).
   It protects you from poison.
 D - a +2 cloak of magic resistance (worn)
Jewellery
 c - a cursed ring of teleportation {unknown}
 e - an uncursed ring of protection from fire
 h - an uncursed amulet of dismissal {unknown}
 i - an uncursed ring of ice {unknown}
 j - a ring of stealth (left hand)
 o - a +3 amulet of reflection (around neck)
 q - an uncursed ring of resist corrosion {unknown}
 y - an uncursed ring of positive energy {unknown}
 B - a +5 ring of evasion
 J - the ring of Yzugguxt (right hand) {rF++ rN+ Str+4 Slay+2 SInv}
   (You found it in a labyrinth)

   [ring of strength]

   It affects your strength (+4).
   It affects your accuracy and damage with ranged weapons and melee attacks
   (+2).
   It greatly protects you from fire.
   It protects you from negative energy.
   It lets you see invisible.
 K - an uncursed ring of poison resistance
 L - an uncursed amulet of regeneration {unknown}
 Q - an uncursed ring of protection from fire
Wands
 A - a wand of iceblast (0/15)
 G - a wand of iceblast (0/15)
 I - a wand of paralysis (10/24)
 M - a wand of enslavement (0/24)
 T - a wand of digging (14/24)
 U - a wand of iceblast (0/15)
 W - a wand of polymorph (5/24)
Scrolls
 k - 12 scrolls of remove curse
 O - a scroll of enchant armour
 P - a scroll of amnesia
 R - a scroll of holy word
 Y - a scroll of immolation
Potions
 s - 2 potions of flight
 t - 3 potions of brilliance
 w - 2 potions of magic
 z - a potion of cancellation
 C - 2 potions of ambrosia
Comestibles
 g - 6 bread rations
 n - 4 fruits


   Skills:
 + Level 9.1 Fighting
 + Level 11.2 Short Blades
 + Level 10.4 Throwing
 + Level 14.4 Dodging
 + Level 20.0 Stealth
 - Level 4.8 Invocations


You had 6 spell levels left.
You knew the following spells:

 Your Spells              Type           Power        Failure   Level  Hunger
a - Blink                 Tloc           N/A          47%         2    ###....
b - Repel Missiles        Chrm/Air       #.....       47%         2    ###....
c - Passwall              Tmut/Erth      #.........   47%         2    ###....
d - Apportation           Tloc           #.........   30%         1    ##.....


Dungeon Overview and Level Annotations

Branches:
Dungeon (11/15)            Temple (1/1) D:7            Lair (6/6) D:11
  Swamp (0/4) Lair:2       Spider (0/4) Lair:4        Slime (0/5) Lair:6
    Orc (0/2) D:10

Altars:
Ashenzari
Cheibriados
Dithmenos
Elyvilon
Fedhas
Gozag
Hepliaklqana
Kikubaaqudgha
Makhleb
Nemelex Xobeh
Okawaru
Qazlal
Ru
Sif Muna
Trog
Uskayaw
Vehumet
Xom
Yredelemnul
Zin
The Shining One

Shops:
D:4 *   D:5 *   D:7 %

Annotations:
D:10 MenacingMecha's ghost, journeyman MfGl
Lair:2 exclusion: oklob plant


Innate Abilities, Weirdness & Mutations

You are very small and have problems with some larger weapons.
You are too small for most types of armour.
You have supernaturally acute eyesight. (SInv)
You are a herbivore.
You cover ground extremely quickly.
You need consume almost no food.


Message History

An ice devil is nearby!
An ice devil is nearby!
An ice devil is nearby!
Your hands slow down.
You hit the ice devil but do no damage. You block the ice devil's attack.
You hit the ice devil.
The ice devil is lightly wounded.
You hit the ice devil.
The ice devil is lightly wounded.
You puncture the ice devil!
The ice devil is moderately wounded.
The ice devil completely misses you.
You barely miss the ice devil.
The ice devil is moderately wounded.
You barely miss the ice devil.
The ice devil is moderately wounded.
The ice devil hits you!
* * * LOW HITPOINT WARNING * * *
The ice devil freezes you!!
You die...

#.##.#..# #....##
##....P.P# #....#
##.....P.####....##
#....######..#....#
##..## ###.....# ##..##
#...... #..#.# ##.....
### ### #4.### ##.....
#.###.## #@.# #.#....
##.....######..###
###..#.
##..............#.#
#....
###................##
#...Y
#...................##
#.#.Y
P.......#........##..#
###t.
.PP...#.........##P.##
#...
.P.............###...#
#...
#P...#..>..#.....##..##
##..


You could see an ice devil.

Vanquished Creatures
  A dire elephant (Lair:6)
  Josephine (D:11)
  A minotaur (Lab)
  5 hydras
  A hell beast (Lair:6)
  7 death yaks
  Erica (D:10)
  4 hill giants
  A wizard (Lair:6)
  Pikel (D:7)
  A lindwurm (Lair:4)
  An ugly thing (D:9)
  Maurice (D:8)
  4 black mambas
  14 elephants
  An orange demon (Lair:6)
  3 centaur skeletons
  A rime drake (Lair:6)
  11 spiny frogs
  13 komodo dragons
  2 ice devils (Lair:2)
  A hellwing (Lair:6)
  3 trolls
  A minotaur zombie (Lab)
  A two-headed ogre (D:8)
  A polar bear (Lair:5)
  A minotaur skeleton (Lab)
  A hornet (D:8)
  3 blink frogs (Lair:5)
  7 dream sheep (Lair:5)
  10 hippogriffs
  A tarantella (Lair:4)
  5 wraiths (D:11)
  7 wyverns
  2 hungry ghosts
  24 yaks
  A basilisk (Lair:5)
  3 steam dragons
  Menkaure (D:4)
  A mottled dragon (D:11)
  4 swamp worms (Lair:2)
  12 water moccasins
  9 porcupines
  An orc warrior (D:11)
  2 sky beasts
  2 ice beasts
  2 slaves (D:7)
  2 phantoms
  5 ogres
  A boggart (D:10)
  7 centaurs
  7 wolves
  16 crocodiles
  5 big kobolds
  20 bullfrogs
  A wyvern skeleton (D:11)
  2 scorpions
  6 wights
  2 electric eels
  4 crimson imps
  2 bullfrog zombies
  A bullfrog skeleton (D:6)
  9 hounds
  A jelly (D:8)
  3 orc wizards
  5 orc priests
  Crazy Yiuf (D:7)
  Jessica (D:3)
  2 hell rats (D:11)
  9 iguanas
  4 worker ants
  A hound zombie (D:5)
  2 hound skeletons (D:8)
  A mummy (D:7)
  A worker ant zombie (D:8)
  10 gnolls
  17 adders
  37 river rats
  2 shadow imps
  5 oozes
  An adder skeleton (D:4)
  6 worms
  2 dart slugs
  13 leopard geckos
  24 orcs
  7 bats
  7 giant cockroaches
  6 goblins
  5 hobgoblins
  14 jackals
  7 quokkas
  4 ball pythons
  4 frilled lizards
  17 kobolds
  16 rats
  A fungus (Lair:6)
507 creatures vanquished.

Vanquished Creatures (others)
  2 wights (D:11)
  A jelly (Lair:6)
  An orc (D:11)
  A kobold (D:10)
  4 bushes (Lair:6)
  27 fungi
  16 plants
52 creatures vanquished.

Grand Total: 559 creatures vanquished

Notes
Turn   | Place    | Note
-------+----------+-------------------------------------------
     0 | D:1      | Proteus the Spriggan Assassin began the quest for the Orb.
     0 | D:1      | Reached XP level 1. HP: 10/10 MP: 2/2
    81 | D:1      | Reached skill level 6 in Stealth
   195 | D:1      | Reached XP level 2. HP: 13/14 MP: 3/3
   429 | D:1      | Reached skill level 7 in Stealth
   775 | D:1      | Reached XP level 3. HP: 18/18 MP: 4/4
   839 | D:2      | Found a faded altar of an unknown god.
  1435 | D:2      | Reached skill level 8 in Stealth
  2094 | D:2      | Reached XP level 4. HP: 21/22 MP: 5/5
  2432 | D:2      | Found a snail-covered altar of Cheibriados.
  2527 | D:2      | Reached skill level 9 in Stealth
  3004 | D:3      | Noticed Jessica
  3019 | D:3      | Killed Jessica
  3019 | D:3      | Reached XP level 5. HP: 21/25 MP: 6/6
  3052 | D:3      | Reached skill level 10 in Stealth
  3319 | D:3      | Gained mutation: Your spells are a little harder to cast, but a little more powerful. [potion of beneficial mutation]
  3456 | D:3      | Found a hazy altar of Hepliaklqana.
  3606 | D:3      | Found an iron altar of Okawaru.
  3607 | D:3      | Found a shattered altar of Ashenzari.
  3610 | D:3      | Became a worshipper of Warmaster Okawaru
  4603 | D:4      | Noticed Menkaure
  4607 | D:4      | Killed Menkaure
  4607 | D:4      | Reached skill level 11 in Stealth
  4607 | D:4      | Reached XP level 6. HP: 30/30 MP: 7/7
  5255 | D:4      | Found Voudogim's Assorted Antiques.
  5258 | D:4      | Bought a runed robe for 19 gold pieces
  5258 | D:4      | Bought a glowing blowgun for 70 gold pieces
  5289 | D:4      | Learned a level 2 spell: Blink
  5292 | D:4      | Learned a level 2 spell: Repel Missiles
  5482 | D:5      | Entered Level 5 of the Dungeon
  5507 | D:5      | Lost mutation: Your spells are a little harder to cast, but a little more powerful. [potion of cure mutation]
  5507 | D:5      | HP: 1/30 [centaur (1)]
  5725 | D:4      | Reached skill level 12 in Stealth
  6443 | D:5      | Reached XP level 7. HP: 22/33 MP: 8/8
  6543 | D:5      | Found a sparkling altar of Nemelex Xobeh.
  6559 | D:5      | Reached skill level 13 in Stealth
  6566 | D:5      | Reached * piety under Okawaru
  6726 | D:5      | Found Desh's General Store.
  7141 | D:5      | Reached skill level 14 in Stealth
  8464 | D:5      | Reached XP level 8. HP: 33/37 MP: 9/9
  8919 | D:6      | Found a glowing drain.
  8932 | Sewer    | Entered a sewer
 10279 | D:6      | Reached ** piety under Okawaru
 10550 | D:6      | Reached skill level 15 in Stealth
 11543 | D:6      | Reached skill level 5 in Dodging
 11710 | D:7      | Found Fucwouhoigg's Food Shoppe.
 11729 | D:7      | Reached XP level 9. HP: 39/43 MP: 10/10
 11988 | D:7      | Found a staircase to the Ecumenical Temple.
 11998 | Temple   | Entered the Ecumenical Temple
 12124 | D:7      | Found a runed door.
 12129 | D:7      | Noticed Crazy Yiuf
 12141 | D:7      | Paralysed by Crazy Yiuf for 5 turns
 12148 | D:7      | Killed Crazy Yiuf
 12516 | D:7      | Noticed Pikel
 12747 | D:7      | Killed Pikel
 12747 | D:7      | Reached *** piety under Okawaru
 12794 | D:7      | Reached skill level 5 in Short Blades
 12857 | D:7      | Found a snail-covered altar of Cheibriados.
 13627 | D:8      | Noticed Maurice
 13634 | D:8      | Killed Maurice
 13634 | D:8      | Reached **** piety under Okawaru
 13634 | D:8      | Reached skill level 5 in Throwing
 13634 | D:8      | Reached skill level 16 in Stealth
 13938 | D:8      | Reached XP level 10. HP: 37/51 MP: 11/11
 15085 | D:10     | Entered Level 10 of the Dungeon
 15085 | D:10     | Found a staircase to the Orcish Mines.
 15089 | D:10     | Noticed Erica
 15092 | D:10     | Killed Erica
 15092 | D:10     | Reached ***** piety under Okawaru
 15092 | D:10     | Reached skill level 5 in Fighting
 15161 | D:10     | Noticed a hill giant
 15182 | D:10     | Killed a hill giant
 15252 | D:10     | Noticed a hill giant
 15281 | D:10     | Killed a hill giant
 15304 | D:10     | Noticed MenacingMecha's ghost (journeyman MfGl)
 15401 | D:10     | Reached XP level 11. HP: 33/56 MP: 12/12
 15543 | D:10     | Reached skill level 17 in Stealth
 15838 | D:10     | Noticed a hill giant
 15870 | D:10     | Killed a hill giant
 15870 | D:10     | Received a gift from Okawaru
 16684 | D:11     | Found a staircase to the Lair.
 17189 | D:11     | Noticed Josephine
 18402 | D:10     | Noticed a white ugly thing
 18489 | D:9      | Killed a white ugly thing
 18767 | D:11     | Reached skill level 10 in Dodging
 19319 | D:11     | Noticed a hill giant
 19405 | D:11     | Killed a hill giant
 19957 | D:11     | Killed Josephine
 20537 | Lair:1   | Entered Level 1 of the Lair of Beasts
 20606 | Lair:1   | Reached ****** piety under Okawaru
 20606 | Lair:1   | Received a gift from Okawaru
 21819 | Lair:2   | Noticed an oklob plant
 21820 | Lair:2   | Found a blossoming altar of Fedhas.
 22075 | Lair:2   | Received a gift from Okawaru
 22078 | Lair:2   | Got an encrusted hat {god gift}
 22084 | Lair:2   | Identified the +0 hat "Gojuof" {rPois Str+2 Dex-4} (Okawaru gifted it to you on level 2 of the Lair of Beasts)
 22094 | Lair:2   | Reached skill level 18 in Stealth
 22123 | Lair:2   | Reached XP level 12. HP: 62/62 MP: 13/13
 22390 | Lair:2   | HP: 1/62 [yak (10)]
 22983 | Lair:2   | Noticed a seven-headed hydra
 23116 | Lair:2   | Killed a seven-headed hydra
 23285 | Lair:2   | Found a staircase to the Swamp.
 24197 | Lair:2   | Noticed a five-headed hydra
 24313 | Lair:2   | Killed a five-headed hydra
 24874 | Lair:3   | Found a labyrinth entrance.
 24883 | Lab      | Entered a labyrinth
 25195 | Lab      | Gained mutation: You are dopey. (Int -2) [potion of mutation]
 25195 | Lab      | Gained mutation: You expend magic power (3 MP) to strengthen your wands. [potion of mutation]
 25195 | Lab      | Gained mutation: You are covered in fur. (AC +1) [potion of mutation]
 25196 | Lab      | Lost mutation: You are dopey. (Int -2) [potion of cure mutation]
 25196 | Lab      | Lost mutation: You expend magic power (3 MP) to strengthen your wands. [potion of cure mutation]
 25196 | Lab      | Lost mutation: You are covered in fur. (AC +1) [potion of cure mutation]
 25261 | Lab      | Noticed a minotaur
 25263 | Lab      | Identified Sif Muna's Handbook of Assistive Transformation
 25266 | Lab      | Killed a minotaur
 25295 | Lab      | Got a warped turquoise ring
 25297 | Lab      | Identified the ring of Yzugguxt {rF++ rN+ Str+4 Slay+2 SInv} (You found it in a labyrinth)
 26735 | Lair:3   | Received a gift from Okawaru
 26742 | Lair:3   | Got a silken robe {god gift}
 26753 | Lair:3   | Identified the +1 robe of Guotz {rF+} (Okawaru gifted it to you on level 3 of the Lair of Beasts)
 26827 | Lair:3   | Reached skill level 10 in Short Blades
 27154 | Lair:3   | Reached skill level 19 in Stealth
 27550 | Lair:4   | Reached XP level 13. HP: 51/68 MP: 14/14
 28526 | Lair:4   | Reached skill level 1 in Invocations
 28593 | Lair:4   | Found a hole to the Spider Nest.
 31864 | Lair:6   | Entered Level 6 of the Lair of Beasts
 32490 | Lair:5   | Received a gift from Okawaru
 32490 | Lair:5   | Reached skill level 10 in Throwing
 34349 | Lair:6   | Noticed a dire elephant
 34740 | Lair:6   | Found a staircase to the Slime Pits.
 35074 | Lair:6   | Learned a level 2 spell: Passwall
 35317 | Lair:6   | Noticed a dire elephant
 35552 | Lair:6   | Noticed a dire elephant
 35868 | Lair:5   | Reached XP level 14. HP: 66/74 MP: 18/18
 36586 | Lair:6   | Learned a level 1 spell: Apportation
 36769 | Lair:6   | Found a burning altar of Makhleb.
 37107 | Lair:6   | Reached skill level 20 in Stealth
 37128 | Lair:6   | Mangled by an ice devil

Vault maps used:
D:1:      minmay_arrival_four_loops
D:2:      kennysheep_slug_shrine, ecumenical_altar_1
D:3:      minitemple, uniq_jessica
D:4:      wad_pebble_path, first_bread, serial_shops, kennysheep_mini,
          uniq_menkaure
D:5:      nemelex_xobeh_ov_fountains_minmay, serial_shops,
          nicolae_shop_behind_doors, solitary_fountain
D:6:      gup_sewer_entry_bubbles
D:7:      serial_shops, shop, chei_slow_surprise, uniq_crazy_yiuf_cottage,
          uniq_pikel
D:8:      uniq_maurice
D:10:     minmay_diamond_stairs, orc_0_dummy, the_bakery, uniq_erica
D:11:     dpeg_lair_monsters, uniq_josephine
Temple:   compressed_dpeg_circular_temple
Lair:1:   grunt_megastairs_4
Lair:2:   nicolae_swamp_entry_splash_gauntlet, portal_ice_cave_demonic_guard,
          lemuel_oklob_altar
Lair:3:   lab_entry_generic
Lair:4:   spider_nest_entry_rubble, serial_bayou_shore_b, lemuel_fruit_tree
Lair:5:   serial_bayou_ford_a, minmay_holes
Lair:6:   evil_forest, nicolae_slime_entry_slimehenge
Lab:      labyrinth_hidden_loot, nicolae_lab_swirl, nicolae_lab_diamond
Sewer:    sewer_co_15_rooms

Skill      XL: |  1  2  3  4  5  6  7  8  9 10 11 12 13 14 |
---------------+-------------------------------------------+-----
Stealth        | 6 7 8 9 11 12 14 15 16 18 19 20 | 20.0
Dodging        | 5 7 9 11 12 14 | 14.4
Fighting       | 2 4 5 6 7 8 9 |  9.1
Short Blades   | 4 5 7 8 10 11 | 11.2
Throwing       | 3 5 6 8 9 10 | 10.4
Invocations    | 4 |  4.8

Action                   |  1- 3 |  4- 6 |  7- 9 | 10-12 | 13-15 || total
-------------------------+-------+-------+-------+-------+-------++-------
Melee: Dagger            |   121 |   172 |   689 |       |       ||   982
       Short sword       |       |       |    85 |   967 |   881 ||  1933
 Fire: Blowgun           |     4 |    73 |    60 |   479 |   213 ||   829
Throw: Tomahawk          |       |       |       |    47 |    34 ||    81
Invok: Finesse           |       |       |       |     1 |     1 ||     2
Evoke: Wand              |       |       |       |     8 |    30 ||    38
  Use: Scroll            |     6 |     6 |     9 |    16 |    10 ||    47
       Potion            |     1 |     2 |     5 |    19 |     2 ||    29
 Stab: Sleeping          |    15 |    13 |    39 |    49 |    11 ||   127
       Distracted        |     2 |     2 |     3 |     9 |     7 ||    23
       Confused          |       |     1 |     4 |     3 |    11 ||    19
       Invisible         |       |       |     1 |     1 |       ||     2
  Eat: Bread ration      |       |     1 |     1 |     3 |       ||     5
       Pizza             |       |       |       |     1 |     1 ||     2
       Fruit             |       |       |       |       |     6 ||     6
Armor: Robe              |    11 |    22 |    86 |    56 |    41 ||   216
Dodge: Dodged            |    86 |   138 |   446 |   950 |   708 ||  2328
Block: Other             |       |    10 |    43 |    99 |    67 ||   219
       Reflection        |       |     1 |       |     3 |       ||     4
